cohdb
Replays
Latest Replays
All Replays
Popular Replays
Top Player Replays
Match Explorer
How It Works
Community
CoH3 Stats
Reddit
Sign in to upload your games and track your stats! →
Sign in with Steam
Match 43507571
Unlisted
Match 43507571
Overview
Messages
Build Orders
End
Vickers Machine Gun Team
Construct Section Command Post
Dingo Light Scout Car
Infantry Section
Vickers Machine Gun Team
Construct Platoon Command Post
Team Weapon Training
Infantry Section
6-pounder Anti-tank Gun Team
Construct Field Infirmary
MoERuDa
vonAJ
Melgrande
vitofan
Bogue
微風
BOOM
trendma
0
0
Comments
sign in to comment!
No comments posted yet!